 Dungeon Crawl Stone Soup version 0.21.1-1-g345015fe64 (webtiles) character file.

49 JarielCorvus the Protected (level 3, 0/25 HPs)
             Began as a Gnoll Wanderer on July 7, 2018.
             Slain by a gnoll shaman
             ... wielding a +0 club
              (1 damage)
             ... on level 1 of the Dungeon.
             The game lasted 00:03:27 (1778 turns).

JarielCorvus the Protected (Gnoll Wanderer)         Turns: 1778, Time: 00:03:28

Health: 0/25       AC:  7    Str: 15    XL:     3   Next: 75%
Magic:  7/7        EV: 10    Int: 15    God:
Gold:   57         SH:  0    Dex: 13    Spells: 7/7 levels left

rFire    . . .     SeeInvis .   g - +0 whip
rCold    . . .     Gourm    .   (no shield)
rNeg     . . .     Faith    .   b - +1 ring mail
rPois    .         Spirit   .   (no helmet)
rElec    .         Reflect  .   (no cloak)
rCorr    .         Harm     .   (no gloves)
MR       .....                  (no boots)
Stlth    +.........             (no amulet)
HPRegen  0.08/turn              (no ring)
MPRegen  0.10/turn              (no ring)

@: glowing
A: distributed training, fangs 1, strong nose
a: no special abilities


You were on level 1 of the Dungeon.
You were not hungry.

You visited 1 branch of the dungeon, and saw 2 of its levels.

You collected 57 gold pieces.

Inventory:

Hand Weapons
 d - a +0 club
 g - a +0 whip (weapon)
 k - a +0 short sword
Missiles
 l - 42 stones (quivered)
Armour
 b - a +1 ring mail (worn)
Jewellery
 j - a cursed ring of loudness
Scrolls
 c - 2 scrolls of teleportation
 h - a scroll of blinking
Potions
 i - a potion of curing {unknown}
Miscellaneous
 a - a box of beasts


   Skills:
 + Level 0.9 Fighting
 + Level 0.9 Short Blades
 + Level 0.9 Long Blades
 + Level 0.9 Axes
 + Level 0.9 Maces & Flails
 + Level 0.9 Polearms
 + Level 0.9 Staves
 + Level 0.9 Slings
 + Level 0.9 Bows
 + Level 2.6 Crossbows
 + Level 0.9 Throwing
 + Level 8.5 Armour
 + Level 0.9 Dodging
 + Level 0.9 Stealth
 + Level 0.9 Shields
 + Level 0.9 Unarmed Combat
 + Level 2.8 Spellcasting
 + Level 0.6 Conjurations
 + Level 2.1 Hexes
 + Level 0.6 Charms
 + Level 0.6 Summonings
 + Level 0.6 Necromancy
 + Level 2.1 Translocations
 + Level 0.6 Transmutations
 + Level 0.6 Fire Magic
 + Level 0.6 Ice Magic
 + Level 0.6 Air Magic
 + Level 0.6 Earth Magic
 + Level 0.6 Poison Magic
 + Level 1.0 Invocations
 + Level 4.5 Evocations


You had 7 spell levels left.
You didn't know any spells.

Dungeon Overview and Level Annotations

Branches:
Dungeon (2/15)

Altars:


Innate Abilities, Weirdness & Mutations

Your experience applies equally to all skills.
You have very sharp teeth.
Your uncanny sense of smell can sniff out nearby items.


Message History

The gnoll shaman closely misses you.
You barely miss the gnoll shaman.
The gnoll shaman is lightly wounded.
The gnoll shaman hits you with a club.
* * * LOW HITPOINT WARNING * * *
You barely miss the gnoll shaman.
The gnoll shaman is lightly wounded.
The gnoll shaman hits you with a club.
* * * LOW HITPOINT WARNING * * *
You hit the gnoll shaman.
The gnoll shaman is moderately wounded.
The gnoll shaman hits you with a club.
* * * LOW HITPOINT WARNING * * *
You barely miss the gnoll shaman.
The gnoll shaman is moderately wounded.
There is a stone staircase leading up here.
You climb upwards.
There is a stone staircase leading down here.
The gnoll shaman hits you with a club.
You die...

#....####.# #.#......# ####
#.......#.# #.#......# #...
#.......#.####.#......# #...
#.......#.#....#......#####...
#.......#.#.####..............
#.......#.#.# ############...
##........#.###### ####
###########.#....#
#............@>..#
#.#########.#.g..# #.#
#.#....# #.# #.#....# #.#
#.#....# #.# #.#>...# #.#
#.##...# #.# #.##...# #.#
#.####.#


You could see a gnoll shaman.

Vanquished Creatures
  A gnoll (D:2)
  6 dart slugs (D:1)
  3 leopard geckos (D:1)
  A ball python (D:1)
  3 bats (D:1)
  3 goblins (D:1)
  2 hobgoblins (D:1)
  3 kobolds (D:1)
  3 rats
25 creatures vanquished.

Notes
Turn   | Place    | Note
-------+----------+-------------------------------------------
     0 | D:1      | JarielCorvus the Gnoll Wanderer began the quest for the Orb.
     0 | D:1      | JarielCorvus set off with: a box of beasts, a +0 ring mail, a scroll of teleportation, a +0 club, a ration
     0 | D:1      | Reached XP level 1. HP: 13/13 MP: 4/4
    94 | D:1      | Reached XP level 2. HP: 10/19 MP: 5/5
   852 | D:1      | Reached XP level 3. HP: 17/25 MP: 7/7
  1758 | D:2      | Reached skill level 1 in Invocations
  1771 | D:2      | HP: 1/25 [gnoll shaman/club (1)]
  1778 | D:1      | Slain by a gnoll shaman

Skill      XL: |  1  2  3 |
---------------+----------+-----
Hexes          | 2 |  2.1
Translocations | 2 |  2.1
Invocations    | 1 |  1.0
Fighting       | |  0.9
Short Blades   | |  0.9
Long Blades    | |  0.9
Axes           | |  0.9
Maces & Flails | |  0.9
Polearms       | |  0.9
Staves         | |  0.9
Slings         | |  0.9
Bows           | |  0.9
Crossbows      | |  2.6
Throwing       | |  0.9
Armour         | |  8.5
Dodging        | |  0.9
Stealth        | |  0.9
Shields        | |  0.9
Unarmed Combat | |  0.9
Spellcasting   | |  2.8
Conjurations   | |  0.6
Charms         | |  0.6
Summonings     | |  0.6
Necromancy     | |  0.6
Transmutations | |  0.6
Fire Magic     | |  0.6
Ice Magic      | |  0.6
Air Magic      | |  0.6
Earth Magic    | |  0.6
Poison Magic   | |  0.6
Evocations     | |  4.5

Action                   || total
-------------------------++-------
Melee: Club              ||    23
       Bite              ||    17
       Whip              ||   132
       Punch             ||     1
Throw: Stone             ||     2
  Use: Scroll            ||     5
  Eat: Ration            ||     1
Armor: Ring mail         ||    72
Dodge: Dodged            ||    88
